Map: Efflorescence LE

Players

БэдБой - Winner!

  • Race: Protoss Protoss
  • League: Silver
  • Spawn Location: 12:00

Гошан - Winner!

  • Race: Terran Terran
  • League: Gold
  • Spawn Location: 3:00

Nigrnog

  • Race: Zerg Zerg
  • League: Gold
  • Spawn Location: 9:00

MooEsqoo

  • Race: Protoss Protoss
  • Spawn Location: 6:00

VOD

Have the link to the VOD?

Description

Time

  • Played on: Jan. 20, 2020, 9:57 a.m.
  • Length: 8:24
Show
View Real Time Build Order
Export as new Build Order

БэдБой Protoss - Winner!

Build Orders: Phoenix Opening 

Get SALT Encoding   

  12  0:11  Pylon  
  12  0:33  Gateway  
  12  0:51  Assimilator  
  12  0:53  Probe (Chrono Boost)  
  13  1:03  Probe (Chrono Boost)  
  14  1:08  Probe (Chrono Boost)  
  15  1:20  Probe  
  15  1:22  Zealot  
  18  1:29  Assimilator  
  18  1:32  Probe  
  19  1:36  Cybernetics Core  
  19  1:44  Probe  
  20  1:51  Pylon  
  20  2:06  Probe (Chrono Boost)  
  21  2:18  Probe (Chrono Boost)  
  21  2:21  Stargate  
  22  2:25  Probe (Chrono Boost)  
  22  2:28  Warp Gate  
  23  2:33  Probe  
  24  2:50  Stalker  
  26  3:07  Phoenix, Pylon  
  28  3:32  Phoenix  
  30  3:50  Nexus  
  30  4:19  Fleet Beacon  
  30  5:18  Carrier  
  36  5:22  Probe  
  37  5:34  Probe (Chrono Boost)  
  38  5:41  Probe (Chrono Boost)  
  39  5:45  Probe (Chrono Boost)  
  39  5:48  Stargate  
  39  5:49  Probe (Chrono Boost)  
  41  5:52  Probe (Chrono Boost)  
  41  5:54  Probe (Chrono Boost)  
  43  6:00  Probe  
  44  6:05  Probe  
  45  6:17  Probe  
  46  6:22  Carrier  
  52  6:39  Pylon  
  52  6:41  Pylon  
  52  6:44  Pylon  
  58  7:02  Carrier (Chrono Boost)  
  64  8:03  Assimilator  
  64  8:05  Assimilator  
Show
View Real Time Build Order
Export as new Build Order

Гошан Terran - Winner!

Build Orders:  

Get SALT Encoding   

  12  0:01  SCV  
  13  0:13  SCV  
  14  0:18  Supply Depot  
  14  0:25  SCV  
  15  0:31  Refinery  
  15  0:45  Barracks  
  15  0:48  SCV  
  16  1:01  Barracks  
  16  1:06  SCV  
  17  1:18  SCV  
  18  1:19  Refinery  
  18  1:32  Reaper  
  19  1:35  Supply Depot  
  19  1:37  SCV  
  20  1:45  Supply Depot  
  20  1:48  Reaper  
  21  1:54  SCV  
  22  2:07  Barracks Tech Lab  
  22  2:14  Factory  
  22  2:15  SCV  
  23  2:22  Barracks Reactor  
  21  3:14  Marine  
  21  3:15  Marine x2  
  24  3:25  Factory Tech Lab  
  24  3:27  Starport  
  24  3:28  Combat Shield  
  24  3:30  Command Center  
  24  3:31  SCV  
  24  3:32  Marine  
  26  3:37  Marine  
  26  3:39  Marine  
  28  3:57  Siege Tank  
  28  3:59  SCV  
  32  4:04  Marine x2  
  34  4:10  Medivac  
  36  4:20  Marauder  
  38  4:32  SCV  
  38  4:36  Supply Depot  
  39  4:39  Supply Depot  
  39  4:48  Engineering Bay, SCV  
  40  4:59  Medivac  
  42  5:06  Siege Tank  
  45  5:21  Orbital Command  
  45  5:22  Marine x2  
  47  5:28  Stimpack  
  47  5:39  Medivac  
  49  5:49  Siege Tank  
  52  5:52  Orbital Command  
  52  5:56  SCV  
  53  6:10  Marine  
  53  6:11  Marine  
  55  6:24  Armory, Factory  
  55  6:28  Marine x2  
  57  6:47  Marauder  
  57  6:50  SCV x2  
  61  6:56  Supply Depot  
  61  6:57  Supply Depot  
  60  7:37  Medivac  
  60  7:38  Thor  
  60  7:39  Factory Tech Lab  
  60  7:40  Marine x2  
  60  7:41  Marine  
  71  7:50  SCV x2  
  73  8:02  SCV x2  
Show
View Real Time Build Order
Export as new Build Order

Nigrnog Zerg 

Build Orders: Pool First 

Get SALT Encoding   

  12  0:02  Drone  
  13  0:11  Drone  
  14  0:17  Extractor, Drone  
  14  0:34  Spawning Pool  
  13  0:43  Overlord  
  13  0:45  Drone  
  14  1:08  Drone  
  14  1:09  Drone x2  
  17  1:21  Queen  
  17  1:24  Zergling x2  
  20  1:35  Zergling x2  
  20  1:37  Metabolic Boost  
  21  1:42  Zergling x2  
  22  2:00  Hatchery  
  21  2:10  Overlord x2  
  21  2:25  Baneling Nest  
  21  2:26  Drone x2  
  21  2:42  Zergling x8  
  23  3:11  Zergling x4  
  25  3:16  Overlord x2  
  25  3:24  Baneling  
  25  3:25  Baneling x4  
  25  3:29  Queen  
  27  4:01  Extractor  
  27  4:02  Hatchery  
  25  4:11  Lair  
  25  4:22  Overlord  
  25  4:24  Drone x2  
  25  4:27  Drone  
  28  4:36  Spore Crawler  
  26  4:43  Spore Crawler  
  23  5:11  Drone x5  
  28  5:19  Drone  
  29  5:28  Spore Crawler  
  28  5:34  Drone  
  29  5:36  Drone  
  29  5:40  Drone  
  31  5:52  Drone x3  
  31  5:55  Drone  
  35  6:06  Queen  
  37  6:13  Spore Crawler  
  37  6:15  Drone  
  37  6:22  Drone x2  
  37  6:23  Drone  
  41  6:25  Drone  
  41  6:29  Drone  
  42  6:33  Drone  
  42  6:37  Drone  
  44  6:44  Drone x2  
  44  6:45  Drone x2  
  48  6:54  Overlord x2  
  48  7:04  Spire  
  48  7:07  Baneling x4  
  47  7:12  Overlord  
  47  7:15  Extractor  
  46  7:17  Extractor  
  46  7:21  Zergling x6  
  46  7:22  Zergling x6  
  51  7:33  Zergling x4  
  53  7:43  Drone x2  
  53  7:44  Drone x3  
Show
View Real Time Build Order
Export as new Build Order

MooEsqoo Protoss 

Build Orders: 1 Gate Expand 

Get SALT Encoding   

  12  0:01  Probe  
  13  0:14  Pylon  
  13  0:18  Probe  
  14  0:30  Probe  
  15  0:37  Gateway  
  15  0:42  Probe  
  16  0:47  Assimilator  
  16  0:57  Probe  
  17  1:14  Probe  
  18  1:27  Probe  
  18  1:30  Nexus  
  19  1:47  Cybernetics Core  
  19  1:50  Probe (Chrono Boost)  
  20  1:59  Probe (Chrono Boost)  
  21  2:04  Assimilator  
  21  2:09  Pylon  
  21  2:26  Shield Battery  
  21  2:28  Stalker, Shield Battery  
  21  2:31  Gateway  
  21  2:34  Warp Gate  
  23  2:44  Probe (Chrono Boost)  
  24  2:54  Probe (Chrono Boost)  
  24  3:15  Probe (Chrono Boost)  
  25  3:24  Probe (Chrono Boost)  
  27  3:28  Probe (Chrono Boost)  
  27  3:29  Probe (Chrono Boost)  
  28  3:34  Stalker (Chrono Boost)  
  28  3:38  Probe  
  33  3:44  Stalker (Chrono Boost)  
  33  3:46  Probe  
  34  3:50  Probe  
  34  3:58  Probe  
  34  4:02  Assimilator  
  35  4:06  Assimilator  
  35  4:13  Robotics Facility  
  35  4:23  Probe  
  37  4:24  Probe  
  37  4:36  Nexus  
  37  4:45  Pylon  
  37  4:47  Probe  
  37  4:48  Probe  
  40  5:00  Probe x2, Stalker  
  40  5:02  Observer (Chrono Boost)  
  44  5:07  Shield Battery  
  44  5:08  Shield Battery  
  44  5:11  Pylon  
  44  5:12  Probe x2  
  46  5:22  Warp Prism  
  46  5:25  Probe x2  
  50  5:34  Forge  
  50  5:41  Twilight Council  
  50  5:43  Probe x2  
  50  5:48  Pylon  
  52  5:54  Probe  
  52  5:55  Probe, Gateway  
  52  5:56  Probe  
  54  6:18  Probe x3  
  57  6:26  Protoss Ground Weapons Level 1 (Chrono Boost)  
  57  6:29  Stalker x2  
  57  6:30  Probe x3  
  64  6:35  Charge (Chrono Boost)  
  64  6:40  Templar Archives  
  64  6:50  Gateway  
  64  6:52  Gateway  
  64  6:54  Sentry x2  
  64  6:55  Stalker  
  70  7:14  Stargate  
  52  7:32  Stalker x2  
  52  7:33  Stalker  
  58  7:40  Shield Battery  
  56  7:47  Pylon  
  56  7:50  Pylon  
  56  8:03  Pylon  
  62  8:12  Stalker x2  
  66  8:13  Stalker x2  
Tags
 
Add a new tag
Caveats
  • Supply blocks, unpowered buildings, or Contaminate may cause inaccurate times.
  • Supply counts are checked every 10 seconds.